 Dungeon Crawl Stone Soup version 0.19-a0-892-g8a19e52 (webtiles) character file.

24 Gagarin the Ruffian (level 2, -1/23 HPs)
             Began as a Draconian Transmuter on July 4, 2016.
             Slain by a giant gecko (3 damage)
             ... on level 2 of the Dungeon.
             The game lasted 00:01:31 (714 turns).

Gagarin the Ruffian (Draconian Transmuter)           Turns: 714, Time: 00:01:32

Health: -1/23      AC:  5    Str: 12    XL:     2   Next: 79%
Magic:  4/5        EV:  7    Int: 13    God:
Gold:   40         SH:  0    Dex: 11    Spells: 1 memorised, 4 levels left

rFire  . . .     SeeInvis .       - Unarmed
rCold  . . .     Gourm    .     (armour unavailable)
rNeg   . . .     Faith    .     (no shield)
rPois  .         Spirit   .     (helmet restricted)
rElec  .         Dismiss  .     (no cloak)
rCorr  .         Reflect  .     e - +0 pair of gloves
SustAt .         Harm     .     (no boots)
MR     .....                    (no amulet)
Stlth  +.........               (no ring)
                                (no ring)

@: appendage (expiring), not resistant to hostile enchantments, very unstealthy
A: unfitting armour, horns 2, cold-blooded, AC +4
a: End Transformation


You were on level 2 of the Dungeon.
You were not hungry.
You had grown temporary horns.
You visited 1 branch of the dungeon, and saw 2 of its levels.

You collected 40 gold pieces.

Inventory:

Missiles
 a - 12 arrows
Armour
 e - a +0 pair of gloves (worn)
Scrolls
 h - 2 scrolls of noise {unknown}
 i - a scroll of enchant armour {unknown}
 l - 2 scrolls of teleportation {unknown}
 m - a scroll of magic mapping {unknown}
Potions
 d - 3 potions of mutation {unknown}
 g - 2 potions of curing {unknown}
 j - a potion of ambrosia {unknown}
Books
 b - a book of Changes

   Spells                             Type                      Level
   a - Beastly Appendage              Transmutation                1
   b - Sticks to Snakes               Transmutation                2
   c - Spider Form                    Transmutation/Poison         3
   d - Ice Form                       Ice/Transmutation            4
   e - Blade Hands                    Transmutation                5
Comestibles
 c - 2 bread rations
 f - a beef jerky


   Skills:
 + Level 1.1 Fighting
 + Level 2.0 Dodging
 + Level 3.7 Unarmed Combat
 + Level 2.1 Spellcasting
 + Level 2.1 Transmutations


You had 4 spell levels left.
You knew the following spells:

 Your Spells              Type           Power        Failure   Level  Hunger
a - Beastly Appendage     Tmut           #.....       12%         1    ##.....


Dungeon Overview and Level Annotations

Branches:
Dungeon (2/15)

Altars:


Innate Abilities, Weirdness & Mutations

Your plain brown scales are hard. (AC +4)
Your body does not fit into most forms of armour.
You are cold-blooded and may be slowed by cold attacks.
You have a pair of horns on your head.


Message History

You hit the adder but do no damage.
Your tail-slap misses the adder.
The adder bites you but does no damage. The adder bites you.
The giant gecko closely misses you. The giant newt misses you.
You barely miss the adder. The adder closely misses you.
The giant gecko completely misses you.
The giant newt hisses menacingly.
The giant newt bites you but does no damage.
You closely miss the adder. Your headbutt misses the adder.
Your tail-slap misses the adder.
The adder barely misses you.
The giant gecko bites you but does no damage.
You hit the adder but do no damage. The giant newt closely misses you.
The adder misses you. The giant gecko closely misses you.
You barely miss the adder. Your headbutt misses the adder.
The adder bites you but does no damage. The giant newt closely misses you.
The giant gecko bites you.
* * * LOW HITPOINT WARNING * * *
The adder bites you.
* * * LOW HITPOINT WARNING * * *
The giant gecko bites you.
You die...

#####. ......
##.....##.....#
#........).....
...............
..........?....
...........!...
......l........
......l@.....!.
......S........
#..............
.......##......
###.##. #.....
... .< .....
### .. .... ##.
....


You could see an adder, a giant gecko and a giant newt.

Vanquished Creatures
  An adder (D:1)
  An ooze (D:1)
  A giant cockroach (D:1)
  2 hobgoblins (D:1)
  4 kobolds (D:1)
  A giant newt (D:1)
  2 goblins (D:1)
  A rat (D:1)
13 creatures vanquished.

Notes
Turn   | Place    | Note
-------+----------+-------------------------------------------
     0 | D:1      | Gagarin the Draconian Transmuter began the quest for the Orb.
     0 | D:1      | Reached XP level 1. HP: 16/16 MP: 3/3
   207 | D:1      | Reached XP level 2. HP: 23/23 MP: 3/5
   714 | D:2      | Slain by a giant gecko

Vault maps used:
D:1:      lemuel_arrival_funnel
D:2:      first_bread, kennysheep_jessica_study, uniq_robin

Skill      XL: |  1  2 |
---------------+-------+-----
Dodging        | 2 |  2.0
Fighting       | |  1.1
Unarmed Combat | |  3.7
Spellcasting   | |  2.1
Transmutations | |  2.1

Action                   || total
-------------------------++-------
Melee: Unarmed           ||    38
       Kick              ||     2
       Headbutt          ||     1
       Punch             ||     1
 Cast: Beastly Appendage ||     5
 Stab: Sleeping          ||     2
Armor: Skin              ||    16
Dodge: Dodged            ||    33
